 Dungeon Crawl Stone Soup version 0.19-a0-1841-gf1e0166 (webtiles) character file.

6850 Proteus the Unseen (level 10, -3/51 HPs)
             Began as a Spriggan Assassin on Oct 9, 2016.
             Was a Priest of Okawaru.
             Slain by an orc warrior
             ... wielding a +0 battleaxe
              (20 damage)
             ... on level 10 of the Dungeon.
             The game lasted 01:07:36 (15513 turns).

Proteus the Unseen (Spriggan Assassin)             Turns: 15513, Time: 01:07:37

Health: -3/51      AC:  9    Str:  7    XL:     10   Next: 78%
Magic:  11/11      EV: 26    Int: 14    God:    Okawaru [***...]
Gold:   346        SH:  0    Dex: 20    Spells: 1 memorised, 7 levels left

rFire  . . .     SeeInvis +     b - +0 blowgun
rCold  . . .     Gourm    .     C - +1 robe {Archmagi}
rNeg   . . .     Faith    .     (shield restricted)
rPois  .         Spirit   .     (helmet restricted)
rElec  .         Dismiss  .     P - +0 cloak {+Inv}
rCorr  .         Reflect  .     (gloves unavailable)
MR     +....     Harm     .     (boots unavailable)
Stlth  ++++++++..               j - amulet of magic regeneration
                                s - ring of stealth
                                B - +5 ring of protection

@: about to teleport, very quick
A: unfitting armour, see invisible, herbivore 3, speed 3, slow metabolism 2
a: Heroism, Renounce Religion, Evoke Invisibility


You were on level 10 of the Dungeon.
You worshipped Okawaru.
Okawaru was most pleased with you.
You were not hungry.

You visited 2 branches of the dungeon, and saw 11 of its levels.

You collected 518 gold pieces.
You spent 172 gold pieces at shops.

Inventory:

Hand Weapons
 a - a +5 dagger
 b - a +0 blowgun (weapon)
Missiles
 f - a needle of frenzy (quivered)
 i - 3 needles of sleeping
 l - 54 poisoned needles
Armour
 c - a +0 robe
 C - a +1 robe of the Archmagi (worn)
 P - a +0 cloak of invisibility (worn)
Jewellery
 j - an amulet of magic regeneration (around neck)
 k - an uncursed ring of poison resistance
 m - an uncursed ring of magical power
 n - a +2 ring of strength
 s - a ring of stealth (right hand)
 t - an uncursed ring of protection from magic
 B - a +5 ring of protection (left hand)
Wands
 o - a wand of digging (9/24)
 v - a wand of slowing (20/48)
 w - a wand of teleportation (5/9)
 x - a wand of flame (25/48)
 F - a wand of enslavement (5/24)
 G - a wand of paralysis (17/24)
 H - a wand of disintegration (7/24)
 K - a wand of flame (31/48)
 L - a wand of flame (15/48)
 O - a wand of acid (5/15)
Scrolls
 e - 6 scrolls of remove curse
 h - 2 scrolls of recharging
 u - 3 scrolls of teleportation
 z - a scroll of magic mapping
 D - 2 scrolls of fear
 E - 2 scrolls of amnesia
Potions
 p - 4 potions of flight
 r - a potion of cure mutation
 A - a potion of magic
 I - a potion of invisibility
Books
 J - a Young Poisoner's Handbook

   Spells                             Type                      Level
   a - Sting                          Conjuration/Poison           1
   b - Mephitic Cloud                 Conjuration/Poison/Air       3
   c - Olgreb's Toxic Radiance        Poison                       4
   d - Alistair's Intoxication        Transmutation/Poison         5
   e - Venom Bolt                     Conjuration/Poison           5
 N - a book of Maledictions

   Spells                             Type                      Level
   a - Corona                         Hexes                        1
   b - Ensorcelled Hibernation        Hexes/Ice                    2
   c - Confuse                        Hexes                        3
   d - Tukima's Dance                 Hexes                        3
   e - Dazzling Spray                 Conjuration/Hexes            3
Miscellaneous
 y - a phial of floods
Comestibles
 g - 5 bread rations
 M - a royal jelly


   Skills:
 + Level 5.5 Fighting
 + Level 7.3 Short Blades
 + Level 6.6 Throwing
 + Level 9.2 Dodging
 + Level 16.2 Stealth
 * Level 0.0 Evocations


You had 7 spell levels left.
You knew the following spells:

 Your Spells              Type           Power        Failure   Level  Hunger
a - Ensorcelled Hibernat  Hex/Ice        #.....       43%         2    ###....


Dungeon Overview and Level Annotations

Branches:
Dungeon (10/15)            Temple (1/1) D:6
   Lair: D:8-11         Orc: D:9-12

Altars:
Ashenzari
Cheibriados
Dithmenos
Elyvilon
Fedhas
Gozag
Hepliaklqana
Kikubaaqudgha
Makhleb
Nemelex Xobeh
Okawaru
Qazlal
Ru
Sif Muna
Trog
Uskayaw
Vehumet
Xom
Yredelemnul
Zin
The Shining One

Shops:
D:10 [

Annotations:
D:7 busta's ghost, novice DENe
D:8 Athtar123's ghost, novice DrMo
D:10 Cirk's ghost, novice HEGl


Innate Abilities, Weirdness & Mutations

You are very small and have problems with some larger weapons.
You are too small for most types of armour.
You have supernaturally acute eyesight. (SInv)
You are a herbivore.
You cover ground extremely quickly.
You need consume almost no food.


Message History

The needle of frenzy closely misses the orc wizard.
The orc priest casts a cantrip, but nothing happens.
Firing (i - inventory. (,) - cycle):
f - 2 needles of frenzy (quivered)
Press: ? - help, Shift-Dir - straight line, f/p - hill giant
Aim: a hill giant, wielding a giant club You shoot a needle of frenzy.
The needle of frenzy hits the hill giant!
The hill giant resists.
The centaur zombie completely misses you.
The orc wizard gestures wildly while chanting.
The orc wizard blinks!
As you read the scroll of teleportation, it crumbles to dust.
You feel strangely unstable. The centaur zombie hits you.
The hill giant misses you.
The centaur zombie hits you but does no damage.
Unknown command.
An orc comes into view. It is wielding a dagger.
The orc priest miscasts a cantrip.
The orc warrior hits you with a battleaxe!!
You die...

##Z. #.# W.. ..# ## ###
#. # #.# ###### #.#.#
......
##.#o#################.
#...........##....).##∩
#..@####.##.####.##.
#.oZ##......# #.##<
#...##.#.#### #.###
#..C.#......# #....
#..o.#......# #####
#...o#..(...#
#.#.o#......#
#.#..(......#
..#.##).....#


You could see a hill giant, 2 orc warriors, an orc priest, 2 orcs and a centaur
zombie.

Vanquished Creatures
  Erolcha (D:9)
  A hill giant (D:9)
  Prince Ribbit (D:5)
  A hornet (D:9)
  A two-headed ogre (D:9)
  A hippogriff (D:7)
  Grinder (D:3)
  2 yaks (D:9)
  Sigmund (D:4)
  A human (D:2)
  A hungry ghost (D:6)
  Menkaure (D:5)
  A water moccasin (D:7)
  The ghost of cortexin the Covert, an amateur SpAs of Gozag (D:3)
  2 orc warriors
  A necrophage (D:8)
  A black bear (D:6)
  2 sky beasts (D:7)
  2 phantoms (D:4)
  2 centaurs
  3 ogres
  A big kobold (D:4)
  3 bullfrogs
  A scorpion (D:6)
  A wyvern skeleton (D:9)
  7 wights (D:9)
  6 killer bees (D:7)
  2 howler monkeys
  6 crimson imps
  4 hounds
  6 orc priests
  4 bullfrog skeletons
  3 jellies
  An orc wizard (D:6)
  2 centaur skeletons
  2 iguanas (D:6)
  Ijyb (D:4)
  2 human skeletons (D:2)
  9 worker ants
  A hound skeleton (D:4)
  A hound zombie (D:5)
  3 gnolls (D:2)
  13 adders
  4 shadow imps (D:5)
  An ooze (D:2)
  An adder skeleton (D:5)
  An adder zombie (D:6)
  5 worms
  9 dart slugs (D:3)
  6 leopard geckos
  29 orcs
  5 bats
  5 giant cockroaches
  10 goblins
  9 hobgoblins
  12 jackals
  9 quokkas
  2 ball pythons
  6 frilled lizards
  A giant cockroach zombie (D:5)
  2 jackal skeletons
  A jackal zombie (D:5)
  7 kobolds
  A kobold skeleton (D:2)
  A quokka zombie (D:9)
  9 rats
243 creatures vanquished.

Vanquished Creatures (collateral kills)
  2 wights (D:9)
  A centaur skeleton (D:9)
3 creatures vanquished.

Vanquished Creatures (others)
  2 yaks (D:9)
2 creatures vanquished.

Grand Total: 248 creatures vanquished

Notes
Turn   | Place    | Note
-------+----------+-------------------------------------------
     0 | D:1      | Proteus the Spriggan Assassin began the quest for the Orb.
     0 | D:1      | Reached XP level 1. HP: 10/10 MP: 2/2
    41 | D:1      | Reached skill level 6 in Stealth
   298 | D:1      | Reached XP level 2. HP: 14/14 MP: 3/3
   991 | D:2      | Reached skill level 7 in Stealth
  1422 | D:2      | Reached XP level 3. HP: 18/18 MP: 4/4
  1425 | D:2      | Found a runed door.
  1425 | D:2      | Noticed a human
  1427 | D:2      | Found a basalt altar of Yredelemnul.
  1429 | D:2      | Reached skill level 8 in Stealth
  1457 | D:2      | Reached XP level 4. HP: 8/22 MP: 5/5
  1686 | D:2      | Killed a human
  1686 | D:2      | Reached skill level 10 in Stealth
  1686 | D:2      | Reached XP level 5. HP: 5/25 MP: 6/6
  2032 | D:2      | Found a faded altar of an unknown god.
  2379 | D:2      | Reached XP level 6. HP: 30/30 MP: 7/7
  2420 | D:2      | Reached skill level 11 in Stealth
  2631 | D:3      | Noticed an orc warrior
  2632 | D:3      | Killed an orc warrior
  2913 | D:3      | Noticed Grinder
  3185 | D:3      | Reached skill level 12 in Stealth
  3272 | D:3      | Noticed cortexin's ghost (amateur SpAs)
  3749 | D:3      | HP: 1/30 [Grinder (6)]
  3753 | D:3      | Killed Grinder
  3753 | D:3      | Reached skill level 13 in Stealth
  3753 | D:3      | Reached XP level 7. HP: 2/33 MP: 8/8
  4159 | D:3      | Killed cortexin's ghost
  4625 | D:3      | Found a sacrificial altar of Ru.
  5856 | D:4      | Reached skill level 14 in Stealth
  6000 | D:4      | Noticed Sigmund
  6023 | D:4      | Killed Sigmund
  6023 | D:4      | Reached XP level 8. HP: 39/39 MP: 9/9
  6405 | D:4      | Noticed Ijyb
  6427 | D:4      | Killed Ijyb
  6757 | D:5      | Entered Level 5 of the Dungeon
  6838 | D:5      | Noticed Prince Ribbit
  7167 | D:5      | Killed Prince Ribbit
  7203 | D:4      | Reached skill level 5 in Dodging
  7660 | D:5      | Reached XP level 9. HP: 44/44 MP: 10/10
  7770 | D:5      | Found a snail-covered altar of Cheibriados.
  7770 | D:5      | Found a hazy altar of Hepliaklqana.
  7771 | D:5      | Found a glowing golden altar of the Shining One.
  7932 | D:5      | Noticed Menkaure
  7934 | D:5      | Killed Menkaure
  8111 | D:5      | Found an ancient bone altar of Kikubaaqudgha.
  8224 | D:6      | Found a staircase to the Ecumenical Temple.
  8237 | Temple   | Entered the Ecumenical Temple
  8578 | D:6      | Found a stormy altar of Qazlal.
  8581 | D:6      | Found a blossoming altar of Fedhas.
  8998 | D:6      | Reached skill level 5 in Short Blades
  9150 | D:6      | Found a bloodstained altar of Trog.
  9157 | D:6      | Found an iron altar of Okawaru.
  9163 | D:6      | Found a deep blue altar of Sif Muna.
  9177 | D:6      | Became a worshipper of Warmaster Okawaru
  9563 | D:7      | Noticed busta's ghost (novice DENe)
  9618 | D:7      | Reached skill level 15 in Stealth
  9640 | D:7      | Reached skill level 5 in Throwing
 10330 | D:7      | Reached * piety under Okawaru
 11360 | D:7      | Reached ** piety under Okawaru
 11527 | D:7      | Reached XP level 10. HP: 51/51 MP: 11/11
 11777 | D:8      | Found a radiant altar of Vehumet.
 11780 | D:8      | Noticed Athtar123's ghost (novice DrMo)
 12433 | D:9      | Found a blossoming altar of Fedhas.
 12451 | D:9      | Learned a level 2 spell: Ensorcelled Hibernation
 12563 | D:9      | Noticed Erolcha
 12570 | D:9      | Killed Erolcha
 12574 | D:9      | Reached *** piety under Okawaru
 12884 | D:9      | Found a sparkling altar of Nemelex Xobeh.
 12928 | D:9      | HP: 2/51 [hornet (11)]
 12961 | D:9      | HP: 2/51 [hornet (10)]
 13901 | D:9      | Reached skill level 5 in Fighting
 14006 | D:9      | Noticed a hill giant
 14011 | D:9      | Killed a hill giant
 14011 | D:9      | Reached skill level 16 in Stealth
 15109 | D:9      | Received a gift from Okawaru
 15304 | D:10     | Entered Level 10 of the Dungeon
 15352 | D:10     | Noticed Cirk's ghost (novice HEGl)
 15420 | D:10     | Found Usiquitt's Armour Shoppe.
 15449 | D:10     | Bought a +0 cloak of invisibility for 172 gold pieces
 15489 | D:10     | Noticed a hill giant
 15513 | D:10     | Slain by an orc warrior

Vault maps used:
D:1:      mrwooster_arrival_arrow, serial_forest, infiniplex_forest_corner_1,
          infiniplex_forest_lined_2, infiniplex_forest_lined_room_2,
          infiniplex_forest_zigzag_2, infiniplex_forest_3_way,
          infiniplex_forest_lined_2, infiniplex_forest_clump_tiny,
          minmay_fountain_box
D:2:      ecumenical_altar_1, moated_statue, dk_yredelemnul_ordeal
D:3:      kennysheep_slugbush, lemuel_crystal_altar, uniq_grinder
D:4:      kennysheep_goblin_castle, first_bread, uniq_sigmund
D:5:      nicolae_overflow_crystal_walls, gammafunk_temple_overflow_claw,
          uniq_prince_ribbit1, uniq_menkaure
D:6:      grunt_temple_overflow_forces_of_nature,
          minmay_overflow_temple_star_quad
D:8:      vehumet_altar_wand_db
D:9:      kennysheep_mini_moat, fedhas_altar_3, uniq_erolcha
D:10:     serial_shops, shop, nicolae_shop_waterfront, grunt_livestock
Temple:   compressed_dpeg_triangle_lava_temple

Skill      XL: |  1  2  3  4  5  6  7  8  9 10 |
---------------+-------------------------------+-----
Stealth        | 6 7 8 10 13 14 15 16 | 16.2
Dodging        | 3 5 7 9 |  9.2
Fighting       | 2 3 4 5 |  5.5
Short Blades   | 3 4 6 7 |  7.3
Throwing       | 4 5 6 |  6.6

Action                   |  1- 3 |  4- 6 |  7- 9 | 10-12 || total
-------------------------+-------+-------+-------+-------++-------
Melee: Dagger            |    63 |   150 |   767 |   279 ||  1259
 Fire: Blowgun           |       |    28 |    39 |    47 ||   114
Evoke: Wand              |       |       |       |     6 ||     6
  Use: Scroll            |       |     8 |    12 |     9 ||    29
       Potion            |       |     2 |     6 |     8 ||    16
 Stab: Sleeping          |    11 |    13 |    46 |    16 ||    86
       Distracted        |       |     2 |       |     1 ||     3
       Invisible         |       |       |     1 |       ||     1
  Eat: Bread ration      |       |     1 |     1 |       ||     2
       Royal jelly       |       |       |     1 |       ||     1
       Fruit             |       |       |     1 |       ||     1
       Pizza             |       |       |     1 |       ||     1
Armor: Robe              |     4 |     5 |    71 |    24 ||   104
       Skin              |       |       |    35 |       ||    35
Dodge: Dodged            |    31 |    90 |   539 |   248 ||   908
